 Dungeon Crawl Stone Soup version 0.31-a0-455-g1a7b003ef0 (webtiles) character file.

Game seed: 16197776046668302970

56 Ofeo the Ruffian (level 3, -6/27 HPs)
             Began as a Demonspawn Shapeshifter on Aug 3, 2023.
             Mangled by a gnoll
             ... wielding a +0 flail
              (12 damage)
             ... on level 2 of the Dungeon.
             The game lasted 00:01:18 (778 turns).

Ofeo the Ruffian (Demonspawn Shapeshifter)           Turns: 778, Time: 00:01:18

Health: -6/27      AC:  2    Str: 17    XL:     3   Next: 69%
Magic:  3/3        EV: 12    Int:  9    God:
Gold:   45         SH:  0    Dex: 13    Spells: 2/2 levels left

rFire   . .          .
                       - Unarmed
rCold   . . .        (no shield)
rNeg    . . .        a - +0 animal skin
rPois   .            (helmet currently unavailable)
rElec   .            (cloak currently unavailable)
rCorr   .            (gloves currently unavailable)
SInv    .            (boots currently unavailable)
Will    .....        d - amulet of faith
Stlth   +            (no ring)
HPRegen 0.24/turn    (no ring)
MPRegen 0.16/turn

%: faith
@: beast-form
A: beast (slay +2), magic regeneration, demonic touch 1
a: Begin Untransformation


You were on level 2 of the Dungeon.
You were a hulking beast.
You visited 1 branch of the dungeon, and saw 2 of its levels.

You collected 45 gold pieces.

Inventory:

Armour
 a - a +0 animal skin (worn)
 e - a +0 buckler
Jewellery
 d - an amulet of faith (around neck)
Talismans
 c - a beast talisman (active)
Scrolls
 f - 3 scrolls of poison {unknown}
 g - 3 scrolls of brand weapon {unknown}
 h - a scroll of revelation {unknown}
 i - a scroll of fear {unknown}
Potions
 b - a potion of lignification


   Skills:
 + Level 2.0 Fighting
 + Level 2.4 Dodging
 - Level 3.0 Unarmed Combat
 + Level 3.0 Shapeshifting


You had 2 spell levels left.
You didn't know any spells.
Your spell library was empty.

Dungeon Overview and Level Annotations

Branches:
Dungeon (2/15)

Altars:

Annotations:
D:2 Jessica


Innate Abilities, Weirdness & Mutations

You are a hulking beast.
Your limbs bulge with bestial killing power. (Slay +2)
You regenerate magic rapidly.
Your touch may inflict minor irresistible damage on your foes.


Message History

The gnoll is heavily wounded.
You hit the gnoll but do no damage. Your touch misses the gnoll.
The gnoll is heavily wounded.
The gnoll closely misses you.
You punch the gnoll!
You kill the gnoll!
Your Shapeshifting skill increases to level 3!
The gnoll hits you with a +0 spear!
You take 8 damage, and have 19/27 hp.
MASSIVE DAMAGE!!
You hit the gnoll but do no damage. The gnoll closely misses you.
You hit the gnoll but do no damage. The gnoll hits you with a +0 spear!
You take 6 damage, and have 13/27 hp.
MASSIVE DAMAGE!!
You are too injured to fight recklessly!
You are too injured to fight recklessly!
You are too injured to fight recklessly!
You are too injured to fight recklessly!
You are too injured to fight recklessly!
You are too injured to fight recklessly!
You are too injured to fight recklessly!
You are too injured to fight recklessly!
You are too injured to fight recklessly!
You are too injured to fight recklessly!
You are too injured to fight recklessly!
You are too injured to fight recklessly!
You are too injured to fight recklessly!
You are too injured to fight recklessly!
You are too injured to fight recklessly!
You are too injured to fight recklessly!
You hit the gnoll.
The gnoll is moderately wounded.
The gnoll hits you with a +0 spear!
* * * LOW HITPOINT WARNING * * *
You take 7 damage, and have 6/27 hp.
MASSIVE DAMAGE!!
You punch the gnoll!
You kill the gnoll!
Your Fighting skill increases to level 2!
You hit the gnoll.
You touch the gnoll!
The gnoll is almost dead.
The gnoll hits you with a +0 flail!
You die...

#..<...#
###.####.##
##.#....$..#
##....##.....
##?....##.#..#
#.........#..#
##...........#
##..).#####.#
##h#.......
#g######## #.#
#.# ... #.#
#.# ...


You could see a gnoll.

Vanquished Creatures
  2 gnolls (D:2)
  7 endoplasms (D:1)
  4 giant cockroaches (D:1)
  2 goblins (D:1)
  2 hobgoblins (D:1)
  A quokka (D:1)
  4 ball pythons (D:1)
  5 bats (D:1)
  A frilled lizard (D:1)
  4 kobolds (D:1)
  A rat (D:1)
33 creatures vanquished.

Notes
Turn   | Place    | Note
-------+----------+-------------------------------------------
     0 | D:1      | Ofeo the Demonspawn Shapeshifter began the quest for the
                  | Orb.
     0 | D:1      | Reached XP level 1. HP: 15/15 MP: 1/1
   121 | D:1      | Discovered your monstrous ancestry.
   121 | D:1      | Gained mutation: Your touch may inflict minor irresistible
                  | damage on your foes. [demonic ancestry]
   121 | D:1      | Reached XP level 2. HP: 21/21 MP: 2/2
   349 | D:1      | Found a faded altar of an unknown god.
   431 | D:1      | Gained mutation: You regenerate magic rapidly. [demonic
                  | ancestry]
   431 | D:1      | Reached XP level 3. HP: 26/26 MP: 3/3
   761 | D:2      | Noticed Jessica
   778 | D:2      | Mangled by a gnoll

Illustrated notes

Levels and vault maps discovered:
D:1:      dpeg_arrival_signposts, layout_basic,
          hellmonk_ecumenical_altar_zigzags, minmay_fountain_box,
          minmay_pentomino_t4
D:2:      layout_loops_cross, nicolae_shop_vocational, uniq_sigmund,
          uniq_jessica

Skill      XL: |  1  2  3 |
---------------+----------+-----
Dodging        | 2 |  2.4
Unarmed Combat | 3 |  3.0
Shapeshifting  | 3 |  3.0
Fighting       | 2 |  2.0

Action                     || total
---------------------------++-------
  Melee: Unarmed           ||    63
         Touch             ||     6
 Armour: Animal skin       ||     9
  Dodge: Dodged            ||    32

Table legend: (Time is in decaauts)
 A = Elapsed time spent in this place.
 B = Non-inter-level travel time spent in this place.
 C = Inter-level travel time spent in this place.
 D = Time resting spent in this place.
 E = Time spent auto-exploring this place.
 F = Levels seen in this place.
 G = Mean time per level.
                   A        B        C        D        E       F      G
               +--------+--------+--------+--------+--------+-----+--------+
         Total |    773 |    726 |     47 |      0 |    550 |   2 |  386.5 |
       Dungeon |    773 |    726 |     47 |      0 |    550 |   2 |  386.5 |
               +--------+--------+--------+--------+--------+-----+--------+

Top non-repeatable levels by time:
     D:1: 756 daAuts
     D:2: 17 daAuts
